[Event "ICC tourney 3106 (30 10)"]
[Site "Internet Chess Club"]
[Date "2023.01.21"]
[Round "3"]
[White "Yan, Rayna:K01-30157975"]
[Black "Jones, Richard S:weakfish"]
[Result "0-1"]
[ICCResult "White checkmated"]
[WhiteElo "1048"]
[BlackElo "1376"]
[Opening "Caro-Kann: classical variation"]
[ECO "B18"]
[NIC "CK.10"]
[Time "16:00:19"]
[PlyCount "172"]
[TimeControl "1800+10"]

1. e4 c6 2. d4 d5 3. Nc3 dxe4 4. Nxe4 Bf5 5. Ng3 Bg6 6. Nf3 Nd7 7. Bd3 Bxd3
8. Qxd3 Ngf6 9. Bg5 h6 10. Bxf6 Nxf6 11. Ne5 e6 12. c3 Bd6 13. f4 Nd5 14.
O-O O-O 15. Ne4 Be7 16. Qg3 Nf6 17. Nxf6+ Bxf6 18. Ng4 Kh7 19. Ne5 Qd5 20.
Rf3 c5 21. Rd3 Bxe5 22. dxe5 Qc6 23. Rd6 Qb5 24. b3 Rad8 25. c4 Qa5 26. Qd3+
g6 27. Qe4 Rxd6 28. exd6 Qd2 29. Qe5 Rd8 30. Qf6 Qd4+ 31. Qxd4 cxd4 32. c5
f6 33. Re1 d3 34. Kf2 b6 35. Rxe6 bxc5 36. Re7+ Kg8 37. Rxa7 Rxd6 38. Ke1
Rd4 39. g3 Re4+ 40. Kd2 Re2+ 41. Kxd3 Rxh2 42. Kc4 Rg2 43. Kxc5 Rxg3 44. b4
Rc3+ 45. Kb6 h5 46. b5 h4 47. Ra4 h3 48. f5 g5 49. Ra8+ Kg7 50. Ra7+ Kh6 51.
Ra8 Kh5 52. Rh8+ Kg4 53. a4 Kxf5 54. a5 g4 55. a6 g3 56. a7 g2 57. Rg8 Rc8
58. Rxc8 g1=Q+ 59. Kb7 Qg2+ 60. Kb6 h2 61. Rc5+ Kg6 62. Rc1 Qf2+ 63. Kb7
Qf3+ 64. Kb6 h1=Q 65. Rxh1 Qxh1 66. Ka6 Qa1+ 67. Kb7 Qh1+ 68. Kb8 Qh2+ 69.
Kb7 Qg2+ 70. Kb8 Qg3+ 71. Kb7 Qf3+ 72. Kb8 Qf4+ 73. Kb7 Qe4+ 74. Kb8 Qe5+
75. Kc8 Qc5+ 76. Kb8 Qxb5+ 77. Kc7 Qa6 78. Kb8 f5 79. Ka8 f4 80. Kb8 f3 81.
Ka8 f2 82. Kb8 f1=Q 83. a8=Q Qfb5+ 84. Kc7 Qxa8 85. Kd6 Qbd5+ 86. Kc7 Qab7#
{White checkmated}
0-1

[Event "ICC tourney 3106 (30 10)"]
[Site "Internet Chess Club"]
[Date "2023.01.21"]
[Round "3"]
[White "VUYYURU, SHRIYAN:loudcertainlava"]
[Black "Ledas, Armandas:ArmandasLedas"]
[Result "0-1"]
[ICCResult "White checkmated"]
[WhiteElo "1411"]
[BlackElo "1397"]
[Opening "QGD Slav defense"]
[ECO "D10"]
[NIC "SL.01"]
[Time "16:00:46"]
[PlyCount "146"]
[TimeControl "1800+10"]

1. d4 d5 2. c4 c6 3. e3 Nf6 4. Nc3 Bf5 5. Nf3 e6 6. Bd2 Bd6 7. c5 Bc7 8. b4
Nbd7 9. a4 e5 10. b5 e4 11. Ng1 Ng4 12. Be2 Qh4 13. g3 Qh5 14. bxc6 bxc6 15.
h4 Qg6 16. Bxg4 Bxg4 17. Nge2 Bf3 18. Rg1 Qg4 19. Qc2 h6 20. Rb1 g5 21. Rb7
Kd8 22. a5 Bxa5 23. Qa4 Bxc3 24. Nxc3 Rc8 25. Qa5+ Ke8 26. Rc7 Ke7 27. Nxd5+
cxd5 28. c6 Rxc7 29. Qxc7 Bd1 30. Qxd7+ Qxd7 31. cxd7 Bf3 32. Bb4+ Kxd7 33.
Kd2 Rb8 34. Kc3 a6 35. Ra1 Be2 36. Rh1 g4 37. Ra1 Rb6 38. Ra5 Bb5 39. Bc5
Rf6 40. Ra2 h5 41. Rb2 Kc6 42. Kb4 Rg6 43. Ka5 Rg8 44. Rc2 Kb7 45. Bd6 Rc8
46. Bc5 Rc6 47. Rb2 Kc7 48. Rc2 Kd7 49. Rb2 Rc8 50. Rc2 Rb8 51. Rb2 Rb7 52.
Rc2 Bc4 53. Bb6 Kc6 54. Rb2 Rb8 55. Rb1 Rb7 56. Rb2 f5 57. Rb1 Bb5 58. Rc1+
Kd7 59. Rc5 Bc4 60. Rxc4 dxc4 61. Kxa6 Rxb6+ 62. Kxb6 c3 63. Kc5 c2 64. Kd5
c1=Q 65. Ke5 Qd2 66. Kxf5 Qxf2+ 67. Kxe4 Qxg3 68. d5 Qxh4 69. d6 g3+ 70. Kf3
Qg4+ 71. Kg2 h4 72. e4 h3+ 73. Kh1 Qd1# {White checkmated} 0-1

[Event "ICC tourney 3106 (30 10)"]
[Site "Internet Chess Club"]
[Date "2023.01.21"]
[Round "4"]
[White "Krishnan, Ashvath:ashvathk5"]
[Black "VUYYURU, SHRIYAN:loudcertainlava"]
[Result "1-0"]
[ICCResult "Black checkmated"]
[WhiteElo "1405"]
[BlackElo "1411"]
[Opening "French: advance, Milner-Barry gambit"]
[ECO "C02"]
[NIC "FR.03"]
[Time "18:00:47"]
[PlyCount "71"]
[TimeControl "1800+10"]

1. e4 e6 2. d4 d5 3. e5 c5 4. c3 Nc6 5. Nf3 Qb6 6. Bd3 Bd7 7. O-O cxd4 8.
Re1 Nge7 9. h4 Ng6 10. h5 Ngxe5 11. Nxe5 Nxe5 12. Rxe5 Bd6 13. Re1 dxc3 14.
Nxc3 Bc6 15. Qg4 g6 16. h6 Bc5 17. Qg3 O-O-O 18. Rb1 Rhe8 19. Bg5 Rd7 20. a3
Bd6 21. Bf4 Bc5 22. b4 Bd4 23. Be5 f5 24. b5 Bxe5 25. Qxe5 d4 26. bxc6 Qxc6
27. Nb5 Kd8 28. Rec1 Qd5 29. Qf6+ Rde7 30. Nxa7 Qd7 31. Rc8+ Qxc8 32. Nxc8
Kxc8 33. Bb5 Rd8 34. Qxe7 d3 35. Ba6 bxa6 36. Qb7# {Black checkmated} 1-0

[Event "ICC tourney 3106 (30 10)"]
[Site "Internet Chess Club"]
[Date "2023.01.21"]
[Round "4"]
[White "KANTNER, AARON:K05-16926895"]
[Black "BHANJDEO, ARNAV:pcbhanjdeo"]
[Result "1-0"]
[ICCResult "Black checkmated"]
[WhiteElo "936"]
[BlackElo "342"]
[Opening "King's pawn game"]
[ECO "C50"]
[NIC "IG.03"]
[Time "18:00:27"]
[PlyCount "59"]
[TimeControl "1800+10"]

1. e4 e5 2. Nf3 Nc6 3. Bc4 Qe7 4. Nc3 Nf6 5. O-O d6 6. d3 Be6 7. Bg5 h6 8.
Bh4 O-O-O 9. Nd5 Qd7 10. Nxf6 gxf6 11. Bxf6 Bxc4 12. dxc4 Be7 13. Bxh8 Rxh8
14. Qd3 Rg8 15. Rad1 Qh3 16. Ne1 Qg4 17. Qg3 Qxd1 18. Qxg8+ Kd7 19. Qxf7 Nd4
20. c3 Ne2+ 21. Kh1 Nf4 22. g3 Qe2 23. Rg1 Nd3 24. Nxd3 Qxd3 25. Qf5+ Kc6
26. h4 Qc2 27. Qe6 Qxe4+ 28. Kh2 Bd8 29. Qe8+ Kc5 30. Qb5# {Black
checkmated} 1-0

[Event "ICC tourney 3106 (30 10)"]
[Site "Internet Chess Club"]
[Date "2023.01.21"]
[Round "4"]
[White "RAMKUMAR, NIKHIL:nikhilramkumar"]
[Black "Yan, Rayna:K01-30157975"]
[Result "1-0"]
[ICCResult "Black checkmated"]
[WhiteElo "1238"]
[BlackElo "1048"]
[Opening "Four knights: Italian variation"]
[ECO "C28"]
[NIC "VG.02"]
[Time "18:00:28"]
[PlyCount "61"]
[TimeControl "1800+10"]

1. e4 e5 2. Nc3 Nf6 3. Bc4 Nc6 4. Nf3 Bb4 5. O-O O-O 6. d3 d6 7. Bg5 Bxc3 8.
bxc3 h6 9. Bh4 Bg4 10. h3 Bh5 11. g4 Bg6 12. Qd2 Bh7 13. Rab1 b6 14. Bd5 Qd7
15. Bxf6 gxf6 16. Qxh6 Rad8 17. Nh4 Ne7 18. Bb3 c6 19. Kh2 d5 20. Nf5 Nxf5
21. gxf5 Bg6 22. Rg1 Qe8 23. fxg6 fxg6 24. Rxg6+ Kf7 25. exd5 Ke7 26. dxc6
Qxc6 27. Qg7+ Ke8 28. Rg4 Qf3 29. Ba4+ b5 30. Bxb5+ Rd7 31. Qxd7#
{Black checkmated}
1-0

[Event "ICC tourney 3106 (30 10)"]
[Site "Internet Chess Club"]
[Date "2023.01.21"]
[Round "4"]
[White "WESLEY, GEORGE:Maglars"]
[Black "Bolme, Thomas Bradley:ThomasBradley75"]
[Result "1-0"]
[ICCResult "Black checkmated"]
[WhiteElo "982"]
[BlackElo "632"]
[Opening "English opening"]
[ECO "A16"]
[NIC "EO.64"]
[Time "18:00:23"]
[PlyCount "77"]
[TimeControl "1800+10"]

1. c4 Nf6 2. Nc3 g6 3. g3 Bg7 4. Bg2 d6 5. d4 O-O 6. Bg5 e6 7. e4 e5 8. d5
Bg4 9. Bxf6 Bxf6 10. Qxg4 Na6 11. Nh3 c6 12. O-O c5 13. f4 Qb6 14. b3 Nb4
15. Qe2 Rfe8 16. fxe5 dxe5 17. Rad1 Rad8 18. Rf2 a5 19. Rdf1 Rd6 20. Nb5
Red8 21. Nxd6 Rxd6 22. Rf3 Kg7 23. R1f2 Qa6 24. a3 Nxd5 25. cxd5 Qxe2 26.
Rxe2 b6 27. Ref2 b5 28. g4 a4 29. bxa4 bxa4 30. g5 c4 31. Rxf6 Rxf6 32.
gxf6+ Kf8 33. Rc2 Ke8 34. Rxc4 Kd7 35. Rc6 h5 36. Ng5 Ke8 37. Rc7 h4 38. Bh3
Kf8 39. Rc8# {Black checkmated} 1-0

[Event "ICC tourney 3106 (30 10)"]
[Site "Internet Chess Club"]
[Date "2023.01.21"]
[Round "4"]
[White "LIN, CARL:K01-17110834"]
[Black "procopio, Patti:prostripe"]
[Result "1-0"]
[ICCResult "Black resigns"]
[WhiteElo "1246"]
[BlackElo "1132"]
[Opening "King's pawn opening"]
[ECO "B07"]
[NIC "VO.17"]
[Time "18:00:24"]
[PlyCount "103"]
[TimeControl "1800+10"]

1. e4 d6 2. Nf3 c6 3. Nc3 Bg4 4. h3 Bxf3 5. Qxf3 Nf6 6. Bc4 Nbd7 7. O-O Ne5
8. Qe2 Nxc4 9. Qxc4 e6 10. Re1 Be7 11. d4 O-O 12. Qd3 d5 13. exd5 cxd5 14.
Bg5 a6 15. Rad1 Rc8 16. Ne2 Qc7 17. c3 h6 18. Bh4 Qc4 19. Nf4 Qxa2 20. Bxf6
Bxf6 21. Nh5 Qc4 22. Nxf6+ gxf6 23. Qg3+ Kh7 24. Qf4 f5 25. Qe5 Qc7 26. Qf6
Rg8 27. Qh4 Rg6 28. Kh1 Rcg8 29. Rg1 Qd8 30. Qh5 Qg5 31. Qf3 Qf6 32. Rd3 Qe7
33. Qe2 Qh4 34. Rf3 R8g7 35. Qe5 Qe7 36. Qh2 Qd7 37. Rd3 Qb5 38. Rd2 Qc6 39.
f3 b5 40. Rc1 Rg3 41. Qg1 Qd6 42. Qf1 Qf4 43. Rcc2 Qc7 44. Qa1 Qb6 45. Qa3
a5 46. Qa1 f6 47. Qe1 Re7 48. Qxg3 e5 49. Re2 f4 50. Qf2 b4 51. dxe5 fxe5
52. Qxb6 {Black resigns} 1-0

[Event "ICC tourney 3106 (30 10)"]
[Site "Internet Chess Club"]
[Date "2023.01.21"]
[Round "4"]
[White "KRISHNAN, SHREYAS:K01-30058648"]
[Black "Rastogi, Viraj:masterviraj"]
[Result "1-0"]
[ICCResult "Black resigns"]
[WhiteElo "1064"]
[BlackElo "799"]
[Opening "Sicilian defense"]
[ECO "B44"]
[NIC "SI.39"]
[Time "18:00:57"]
[PlyCount "243"]
[TimeControl "1800+10"]

1. e4 c5 2. Nf3 Nc6 3. d4 cxd4 4. Nxd4 e6 5. Nxc6 bxc6 6. Nc3 d5 7. exd5
cxd5 8. Bb5+ Bd7 9. Bxd7+ Qxd7 10. O-O Bc5 11. Be3 Bxe3 12. fxe3 Nf6 13. Qe2
O-O 14. Rad1 Qb7 15. b3 Rac8 16. Rd3 Qa6 17. Qf3 Rfd8 18. Qg3 Rxc3 19. Rxc3
Ne4 20. Qc7 Rf8 21. Rd3 h6 22. a4 Nf6 23. Qg3 Ne4 24. Qf4 f6 25. Qf3 Rc8 26.
Qe2 Nc3 27. Qd2 Ne4 28. Qc1 Qb6 29. Kh1 Qb4 30. Qb2 Nf2+ 31. Kg1 Nxd3 32.
cxd3 Qc5 33. d4 Qc3 34. Qa3 Qxe3+ 35. Kh1 Qxd4 36. Qe7 Qe4 37. Qxa7 Qd3 38.
Rg1 Qxb3 39. a5 Qb8 40. Qe7 Re8 41. Qd7 Qd8 42. Qb5 d4 43. Rd1 e5 44. a6 e4
45. a7 e3 46. Rxd4 Qxd4 47. Qxe8+ Kh7 48. h3 Qa1+ 49. Kh2 Qxa7 50. Qe4+ g6
51. Qe6 Qc7+ 52. Kh1 Qc1+ 53. Kh2 Qc7+ 54. Kh1 Qa7 55. Kh2 f5 56. Kh1 f4 57.
Kh2 Qc7 58. Kh1 Kg7 59. Qe4 Kf7 60. h4 h5 61. Qd5+ Kf6 62. Qe4 Qe5 63. Qc6+
Kf5 64. Qc8+ Qe6 65. Qc5+ Kf6 66. Qg5+ Kg7 67. Qxf4 e2 68. Qc7+ Kf6 69. Qd8+
Kf5 70. Qa5+ Qe5 71. Qe1 Ke6 72. g3 Qe4+ 73. Kh2 Qf3 74. Qg1 Kd5 75. Qe1 Qf1
76. Qa5+ Kd4 77. Qb4+ Ke3 78. Qc3+ Kf2 79. Qf6+ Ke1 80. Qa1+ Kd2 81. Qb2+
Kd3 82. Qb3+ Ke4 83. Qc4+ Ke5 84. Qc5+ Kf6 85. Qd6+ Kg7 86. Qe7+ Kh8 87.
Qe8+ Kh7 88. Qe7+ Kh6 89. Qg5+ Kg7 90. Qe7+ Qf7 91. Qxe2 Qd5 92. Qe7+ Kh6
93. Qe8 Qd2+ 94. Kh3 Qd4 95. Qe2 g5 96. Qe6+ Kg7 97. hxg5 Qa1 98. Qh6+ Kf7
99. g6+ Ke8 100. Qxh5 Qh1+ 101. Kg4 Qe4+ 102. Kg5 Qe3+ 103. Kh4 Qe4+ 104.
Qg4 Qe7+ 105. Kh3 Qe1 106. Qc8+ Ke7 107. g7 Qh1+ 108. Kg4 Qe4+ 109. Kg5 Qe5+
110. Kh6 Qe3+ 111. Kh7 Qe4+ 112. Kh8 Qe5 113. Qf8+ Kd7 114. Qf7+ Kd8 115.
Kh7 Qe4+ 116. Qg6 Qe7 117. Kh8 Qe5 118. g4 Qh2+ 119. Qh5 Qb2 120. g5 Ke7
121. Kh7 Qb3 122. g8=Q {Black resigns} 1-0

[Event "ICC tourney 3106 (30 10)"]
[Site "Internet Chess Club"]
[Date "2023.01.21"]
[Round "4"]
[White "Ledas, Armandas:ArmandasLedas"]
[Black "Jones, Richard S:weakfish"]
[Result "1-0"]
[ICCResult "Black resigns"]
[WhiteElo "1397"]
[BlackElo "1376"]
[Opening "Queen's pawn, Mason variation"]
[ECO "D00"]
[NIC "QP.08"]
[Time "18:00:38"]
[PlyCount "143"]
[TimeControl "1800+10"]

1. d4 d5 2. Bf4 c6 3. e3 Nf6 4. Bd3 Bg4 5. Nf3 e6 6. Nbd2 Nbd7 7. h3 Bh5 8.
c3 Qb6 9. Qb3 Be7 10. O-O O-O 11. Rfe1 Rfe8 12. Ne5 Rac8 13. Qxb6 Nxb6 14.
b4 Nbd7 15. g4 Bg6 16. Nxg6 hxg6 17. f3 Nh7 18. e4 Bg5 19. Bxg5 Nxg5 20. Kg2
Nf8 21. h4 Ngh7 22. g5 f6 23. f4 Rc7 24. Nf3 Rce7 25. e5 f5 26. a4 Nd7 27.
a5 Nb8 28. Nd2 Nf8 29. Nb3 Nfd7 30. Ra2 Kf7 31. Nc5 Nxc5 32. bxc5 Rc8 33.
Rb1 a6 34. Rab2 Rcc7 35. Kg3 Ke8 36. Be2 Kd8 37. Rh1 Re8 38. h5 Rh8 39. Rh3
gxh5 40. Bxh5 Nd7 41. Rbh2 Nf8 42. g6 Re7 43. Rg2 Rh6 44. Kh4 Nd7 45. Kg5
Re8 46. Bg4 Rxh3 47. Bxh3 Rh8 48. Rg3 Rh6 49. Bf1 Nf8 50. Bd3 Rxg6+ 51. Kh4
Rxg3 52. Kxg3 Ke7 53. Be2 Nh7 54. Bh5 g5 55. Bg6 Nf8 56. Bh5 gxf4+ 57. Kxf4
Nh7 58. Bg6 Nf8 59. Bh5 Nh7 60. Be2 Kf7 61. c4 Kg6 62. cxd5 exd5 63. Bd3 Kf7
64. Bxf5 Nf8 65. Bc8 Ne6+ 66. Bxe6+ Kxe6 67. Kg5 Kf7 68. Kf5 Ke8 69. Ke6 Kd8
70. Kd6 Ke8 71. Kc7 Ke7 72. Kxb7 {Black resigns} 1-0

[Event "ICC tourney 3106 (30 10)"]
[Site "Internet Chess Club"]
[Date "2023.01.21"]
[Round "5"]
[White "Jones, Richard S:weakfish"]
[Black "KRISHNAN, SHREYAS:K01-30058648"]
[Result "1/2-1/2"]
[ICCResult "Game drawn by mutual agreement"]
[WhiteElo "1376"]
[BlackElo "1064"]
[Opening "Ruy Lopez: classical (Cordel) defense"]
[ECO "C64"]
[NIC "RL.01"]
[Time "20:01:42"]
[PlyCount "37"]
[TimeControl "1800+10"]

1. e4 e5 2. Nf3 Nc6 3. Bb5 Bc5 4. d3 a6 5. Ba4 h6 6. Nc3 d6 7. h3 Nf6 8. Be3
Bxe3 9. fxe3 O-O 10. O-O Nh7 11. Bb3 Ng5 12. Nxg5 Qxg5 13. Qf3 Be6 14. Nd5
Rac8 15. Rf2 Ne7 16. Raf1 c6 17. Nxe7+ Qxe7 18. Qh5 Bxb3 19. axb3
{Game drawn by mutual agreement}
1/2-1/2

[Event "ICC tourney 3106 (30 10)"]
[Site "Internet Chess Club"]
[Date "2023.01.21"]
[Round "5"]
[White "BHANJDEO, ARNAV:pcbhanjdeo"]
[Black "Bolme, Thomas Bradley:ThomasBradley75"]
[Result "1-0"]
[ICCResult "Black checkmated"]
[WhiteElo "342"]
[BlackElo "632"]
[Opening "Caro-Kann defense"]
[ECO "B11"]
[NIC "CK.01"]
[Time "20:01:49"]
[PlyCount "77"]
[TimeControl "1800+10"]

1. e4 c6 2. Nc3 d5 3. d3 d4 4. Nce2 c5 5. Nf3 Nc6 6. c3 e5 7. cxd4 cxd4 8.
Ng3 Bg4 9. Nf5 Bxf5 10. exf5 Nf6 11. Be2 Bb4+ 12. Bd2 Bxd2+ 13. Qxd2 Qd7 14.
O-O Qxf5 15. Nh4 Qd7 16. Rac1 Nd5 17. Qg5 Rg8 18. Bg4 Nf6 19. Bxd7+ Nxd7 20.
Nf5 h6 21. Nxg7+ Kf8 22. Qxh6 Rxg7 23. Qh8+ Rg8 24. Qh6+ Rg7 25. Rfe1 a5 26.
Re4 Nf6 27. Qxf6 Ne7 28. Qh6 Ng6 29. Rc7 Re8 30. Rxb7 Re7 31. Rxe7 Kxe7 32.
Qxg7 a4 33. Rg4 e4 34. Rxe4+ Kd7 35. Qxf7+ Kd6 36. Qxg6+ Kd7 37. Rf4 Kd8 38.
Rf7 Ke8 39. Qg8# {Black checkmated} 1-0

[Event "ICC tourney 3106 (30 10)"]
[Site "Internet Chess Club"]
[Date "2023.01.21"]
[Round "5"]
[White "Ledas, Armandas:ArmandasLedas"]
[Black "Krishnan, Ashvath:ashvathk5"]
[Result "1/2-1/2"]
[ICCResult "Game drawn by mutual agreement"]
[WhiteElo "1397"]
[BlackElo "1405"]
[Opening "Queen's bishop game"]
[ECO "D00"]
[NIC "QP.08"]
[Time "20:01:41"]
[PlyCount "27"]
[TimeControl "1800+10"]

1. d4 d5 2. Bf4 Nf6 3. Nf3 e6 4. e3 Be7 5. Bd3 O-O 6. O-O c5 7. c3 Nc6 8. h3
h6 9. Nbd2 Re8 10. Re1 a6 11. Bc2 Qb6 12. dxc5 Bxc5 13. Nb3 Bf8 14. Ne5
{Game drawn by mutual agreement}
1/2-1/2

[Event "ICC tourney 3106 (30 10)"]
[Site "Internet Chess Club"]
[Date "2023.01.21"]
[Round "5"]
[White "Rastogi, Viraj:masterviraj"]
[Black "KANTNER, AARON:K05-16926895"]
[Result "0-1"]
[ICCResult "White checkmated"]
[WhiteElo "799"]
[BlackElo "936"]
[Opening "Czech Benoni defense"]
[ECO "A56"]
[NIC "BI.38"]
[Time "20:01:40"]
[PlyCount "58"]
[TimeControl "1800+10"]

1. d4 Nf6 2. c4 c5 3. d5 e5 4. d6 Qb6 5. Nc3 a6 6. Bg5 Qxd6 7. Bxf6 Qxf6 8.
Nd5 Qd6 9. e4 b6 10. Qb3 Bb7 11. Qxb6 Qxb6 12. Nxb6 Ra7 13. Bd3 Bc6 14. Nf3
d6 15. O-O-O Nd7 16. Nxd7 Bxd7 17. Nd2 Be7 18. Rhf1 O-O 19. f4 exf4 20. Rxf4
Bg5 21. Rf2 Bxd2+ 22. Kxd2 Bc6 23. Rdf1 Re7 24. Rf4 Rfe8 25. Ke3 g6 26. Kd2
Bxe4 27. Bxe4 Rxe4 28. Rxf7 Re2+ 29. Kc3 R8e3# {White checkmated} 0-1

[Event "ICC tourney 3106 (30 10)"]
[Site "Internet Chess Club"]
[Date "2023.01.21"]
[Round "5"]
[White "Yan, Rayna:K01-30157975"]
[Black "WESLEY, GEORGE:Maglars"]
[Result "1-0"]
[ICCResult "Black checkmated"]
[WhiteElo "1048"]
[BlackElo "982"]
[Opening "Scandinavian (center counter) defense"]
[ECO "B01"]
[NIC "SD.01"]
[Time "20:01:37"]
[PlyCount "59"]
[TimeControl "1800+10"]

1. e4 d5 2. exd5 Qxd5 3. Nc3 Qa5 4. d4 Nc6 5. Nf3 Nb8 6. Bd2 c6 7. Ne4 Qc7
8. c3 Bf5 9. Bd3 g6 10. Bc2 e6 11. Ne5 h5 12. Bf4 Nd7 13. Nxg6 Qb6 14. Nxh8
Bxe4 15. Bxe4 Qxb2 16. O-O Bg7 17. Qxh5 O-O-O 18. Nxf7 Rf8 19. Nd6+ Kd8 20.
Bg3 Ndf6 21. Qg6 Bh8 22. Nf7+ Kc8 23. Nxh8 Ne7 24. Qg7 Rxh8 25. Qxh8+ Nfg8
26. Bh7 Qxc3 27. Bxg8 Kd7 28. Bh4 Nxg8 29. Qxg8 Qxd4 30. Qd8# {Black
checkmated} 1-0

[Event "ICC tourney 3106 (30 10)"]
[Site "Internet Chess Club"]
[Date "2023.01.21"]
[Round "5"]
[White "Bobrov, Dmitry:dmitrybobrov"]
[Black "RAMKUMAR, NIKHIL:nikhilramkumar"]
[Result "0-1"]
[ICCResult "White checkmated"]
[WhiteElo "859"]
[BlackElo "1238"]
[Opening "Réti: King's Indian attack"]
[ECO "A05"]
[NIC "QP.11"]
[Time "20:01:41"]
[PlyCount "68"]
[TimeControl "1800+10"]

1. Nf3 Nf6 2. g3 g6 3. Bg2 Bg7 4. O-O O-O 5. d3 d5 6. Nc3 c5 7. e4 Nc6 8.
exd5 Nxd5 9. Nxd5 Qxd5 10. Re1 Bg4 11. h3 Bxf3 12. Bxf3 Qd7 13. Bg2 Rad8 14.
Qe2 e6 15. Rb1 Nd4 16. Qd2 Qa4 17. b3 Qxa2 18. Bb2 b5 19. Qc1 Qa6 20. Ra1
Qb6 21. Qd2 c4 22. b4 cxd3 23. Bxd4 Bxd4 24. Ra5 dxc2 25. Qxc2 Rc8 26. Qa2
Rc3 27. Kf1 Rc7 28. Rd1 Rfc8 29. Ra6 Qb8 30. Bf3 Rc2 31. Qb1 Rxf2+ 32. Ke1
Qxg3 33. Be2 Rf1+ 34. Kd2 Qe3# {White checkmated} 0-1